 Dungeon Crawl Stone Soup version 0.26-a0-252-gb32a1a6195 (webtiles) character file.

Game seed: 17165413741771728249

331 Gargoyl the Skirmisher (level 6, -7/52 HPs)
             Began as a Centaur Abyssal Knight on July 9, 2020.
             Was a Believer of Lugonu.
             Engulfed by a cloud of poison gas (9 damage)
             ... on level 3 of the Dungeon.
             The game lasted 00:04:03 (2362 turns).

Gargoyl the Skirmisher (Centaur Abyssal Knight)     Turns: 2362, Time: 00:04:04

Health: -7/52      AC:  7    Str: 21    XL:     6   Next: 26%
Magic:  7/8        EV: 10    Int: 11    God:    Lugonu [**....]
Gold:   131        SH:  7    Dex: 10    Spells: 5/5 levels left

rFire    . . .     SeeInvis .   a - +1 hand axe
rCold    . . .     Faith    .   t - +0 kite shield {reflect}
rNeg     . . .     Spirit   .   g - +0 ring mail
rPois    .         Reflect  +   (no helmet)
rElec    .         Harm     .   (no cloak)
rCorr    .                      d - +0 pair of gloves
MR       .....                  (no barding)
Stlth    ..........             (no amulet)
HPRegen  0.17/turn              e - +6 ring of strength
MPRegen  0.11/turn              l - +4 ring of evasion

@: lethally poisoned (-7 -> -28), very quick
A: large, hooves 3, deformed body, speed 2, tough skin 3
a: Depart the Abyss, Bend Space, Renounce Religion


You were on level 3 of the Dungeon.
You worshipped Lugonu.
Lugonu was pleased with you.
You were not hungry.

You visited 1 branch of the dungeon, and saw 3 of its levels.
You visited the Abyss 1 time.

You collected 221 gold pieces.
You spent 90 gold pieces at shops.

Inventory:

Hand Weapons
 a - a +1 hand axe (weapon)
Armour
 d - a +0 pair of gloves (worn)
 g - a +0 ring mail (worn)
 t - a +0 kite shield of reflection (worn)
Jewellery
 e - a +6 ring of strength (left hand)
 j - an uncursed ring of positive energy
 l - a +4 ring of evasion (right hand)
Scrolls
 b - 5 scrolls of teleportation
 i - a scroll of identify
 k - a scroll of remove curse
 p - a scroll of blinking
 s - a scroll of random uselessness {unknown}
Potions
 f - 3 potions of curing
 h - a potion of flight {unknown}
 m - a potion of lignification {unknown}
 n - 2 potions of might {unknown}
 o - a potion of heal wounds
 q - a potion of cancellation {unknown}
 r - a potion of invisibility {unknown}
 u - 2 potions of resistance {unknown}
Comestibles
 c - 11 rations


   Skills:
 + Level 3.8 Fighting
 + Level 3.6 Axes
 * Level 2.6 Armour
 * Level 1.8 Dodging
 * Level 3.3 Invocations


You had 5 spell levels left.
You didn't know any spells.
Your spell library was empty.

Dungeon Overview and Level Annotations

Branches:
Dungeon (3/15)

Altars:
Zin


Innate Abilities, Weirdness & Mutations

You have hooves in place of feet.
Armour fits poorly on your strangely shaped body.
You cover ground very quickly.
You have extremely tough skin. (AC +3)


Message History

You feel sick.
Ijyb is engulfed in poison gas.
Ijyb is poisoned.
Ijyb is engulfed in poison gas.
Ijyb looks even sicker.
Ijyb zaps a wand.
Ijyb creates a blast of flame!
You hit Ijyb. Your kick misses Ijyb.
Ijyb is heavily wounded.
You are engulfed in blazing flames.
Ouch! That really hurt!
* * * LOW HITPOINT WARNING * * *
x2 You feel sick.
Ijyb is engulfed in poison gas.
Ijyb looks even sicker.
Ijyb barely misses you.
Unknown command.
Okay, then.
You feel much better.
You are engulfed in blazing flames.
Ouch! That really hurt!
* * * LOW HITPOINT WARNING * * *
x2 You feel sick.
Ijyb is engulfed in poison gas.
Ijyb looks as sick as possible!
Ijyb dies!
Space bends around you!
You blink.
You are engulfed in poison gas.
You are more poisoned.
You die...

####'#.....†...#
#.#.#######.#
#.#.#,,,,,#.#
#.#<#,,,*,#§#
#.#.#,*,*,#§#
#.#..,,,,,#§#
#.#..,*,**#§#
#.#..,,,,,#§#####
#.#,***,,,#○@...#
#.#*******#####.#
*,,,,,,,,,,,,,,,*
*****************


There were no monsters in sight!

Vanquished Creatures
  Grinder (D:3)
  An orc priest (D:3)
  4 adders (D:2)
  A worm (D:3)
  A leopard gecko (D:3)
  10 orcs (D:3)
  5 giant cockroaches
  13 goblins
  6 hobgoblins
  2 jackals (D:2)
  A quokka (D:2)
  2 bats
  4 frilled lizards
  5 kobolds
  8 rats
64 creatures vanquished.

Vanquished Creatures (others)
  Ijyb (D:3)
1 creature vanquished.

Grand Total: 65 creatures vanquished

Notes
Turn   | Place    | Note
-------+----------+-------------------------------------------
     0 | Abyss:1  | Gargoyl the Centaur Abyssal Knight began the quest for the
                  | Orb.
     0 | Abyss:1  | Reached XP level 1. HP: 19/19 MP: 2/2
   170 | Abyss:1  | Noticed an apocalypse crab
   170 | Abyss:1  | Noticed a wretched star
   180 | D:1      | Escaped the Abyss
   507 | D:1      | Reached * piety under Lugonu
   575 | D:1      | Reached XP level 2. HP: 22/26 MP: 3/3
  1011 | D:2      | Reached skill level 1 in Dodging
  1089 | D:2      | Reached XP level 3. HP: 31/31 MP: 4/4
  1222 | D:2      | Found Zin's Purification Station.
  1264 | D:2      | Found a glowing silver altar of Zin.
  1270 | D:2      | Bought a potion of curing for 90 gold pieces
  1448 | D:2      | Reached XP level 4. HP: 38/38 MP: 5/5
  1669 | D:3      | Reached ** piety under Lugonu
  1982 | D:3      | Reached XP level 5. HP: 29/46 MP: 7/7
  2102 | D:3      | Noticed Grinder
  2112 | D:3      | Killed Grinder
  2112 | D:3      | Reached XP level 6. HP: 47/52 MP: 8/8
  2345 | D:3      | Noticed Ijyb
  2361 | D:3      | Killed Ijyb
  2362 | D:3      | Engulfed by a cloud of poison gas

Illustrated notes

Levels and vault maps discovered:
D:1:      dpeg_arrival_tiny_k, layout_loops_ring
D:2:      kennysheep_the_goblin_king, layout_rooms, zin_purify
D:3:      layout_basic, chequers_serial_rivers_room_b, uniq_ijyb, uniq_grinder

Skill      XL: |  1  2  3  4  5 |
---------------+----------------+-----
Axes           | 2 3 |  3.6
Dodging        | 1 |  1.8
Armour         | 2 |  2.6
Invocations    | 3 |  3.3
Fighting       | |  3.8

Action                   |  1- 3 |  4- 6 || total
-------------------------+-------+-------++-------
Melee: Hand axe          |    81 |    53 ||   134
       Kick              |     8 |    12 ||    20
Invok: Depart the Abyss  |     1 |       ||     1
       Bend Space        |       |     2 ||     2
  Use: Scroll            |     8 |     2 ||    10
       Potion            |       |     1 ||     1
  Eat: Ration            |     1 |       ||     1
Armor: Ring mail         |    28 |    26 ||    54
       Leather armour    |     2 |       ||     2
Dodge: Dodged            |    62 |    42 ||   104
Block: Kite shield       |       |     7 ||     7

Table legend:
 A = Non-vault XP
 B = Vault XP
 C = Vault XP percentage of total XP
 D = Non-vault monster count
 E = Vault monster count
 F = Vault count percentage of total count
                 A         B        C        D         E       F
            +---------+---------+-------+---------+---------+-------
      Total |     192 |     282 |  59.5 |      56 |       9 |  13.8
            +---------+---------+-------+---------+---------+-------
        D:1 |      17 |       0 |   0.0 |      12 |       0 |   0.0
        D:2 |      84 |      14 |  14.3 |      24 |       7 |  22.6
        D:3 |      91 |     268 |  74.7 |      20 |       2 |   9.1
            +---------+---------+-------+---------+---------+-------
